Map: Year Zero LE

Players

ice - Winner!

  • Race: Zerg Zerg
  • League: Platinum
  • Spawn Location: 1:00

XxDepravity

  • Race: Zerg Zerg
  • League: Gold
  • Spawn Location: 11:00

VOD

Have the link to the VOD?

Description

Time

  • Played on: April 15, 2019, 5:55 p.m.
  • Length: 16:07
Show
View Real Time Build Order
Export as new Build Order

ice Zerg - Winner!

Build Orders: Hatch First 

Get SALT Encoding   

  12  0:01  Drone  
  13  0:13  Overlord  
  13  0:18  Drone  
  14  0:32  Drone x2  
  14  0:35  Drone  
  17  0:56  Hatchery  
  16  1:00  Drone  
  17  1:15  Drone, Spawning Pool  
  17  1:19  Extractor  
  17  1:20  Drone  
  17  1:23  Drone  
  18  1:31  Drone  
  19  1:41  Drone  
  20  2:02  Queen  
  22  2:09  Hatchery  
  22  2:12  Queen  
  23  2:16  Drone  
  23  2:19  Drone  
  25  2:32  Roach Warren  
  25  2:33  Drone  
  25  2:36  Drone  
  26  2:41  Drone  
  27  2:55  Overlord  
  27  3:08  Drone  
  27  3:11  Overlord x2  
  28  3:12  Queen  
  28  3:18  Roach  
  28  3:19  Roach  
  34  3:21  Roach  
  36  3:28  Drone x2  
  36  3:29  Drone  
  39  3:41  Drone x4  
  40  3:42  Drone  
  44  3:50  Lair  
  44  3:58  Drone x4  
  48  4:06  Drone x3  
  48  4:09  Overlord  
  51  4:15  Roach  
  51  4:17  Roach  
  55  4:19  Roach  
  57  4:25  Overlord  
  57  4:36  Roach  
  57  4:37  Roach x3  
  65  4:42  Drone  
  65  4:43  Drone x3  
  65  4:44  Drone  
  70  4:46  Extractor  
  70  4:47  Extractor  
  68  4:53  Evolution Chamber  
  68  4:56  Drone, Evolution Chamber  
  68  4:57  Drone x2  
  68  4:58  Drone  
  70  5:00  Drone  
  70  5:06  Glial Reconstitution  
  71  5:29  Spore Crawler  
  71  5:30  Drone x4  
  71  5:34  Overlord x3  
  71  5:35  Hydralisk Den  
  73  5:36  Overlord  
  73  5:46  Overlord x3  
  73  5:54  Zerg Missile Weapons Level 1  
  65  6:18  Roach  
  65  6:19  Roach x10  
  65  6:25  Tunneling Claws  
  87  6:27  Grooved Spines  
  87  6:35  Extractor  
  86  6:41  Roach x4  
  86  6:42  Roach  
  96  6:48  Drone x4  
  100  7:02  Hatchery  
  100  7:03  Zerg Ground Armor Level 1  
  99  7:09  Drone x6  
  99  7:10  Drone  
  106  7:16  Queen  
  106  7:22  Queen  
  110  7:38  Baneling Nest  
  101  7:54  Roach  
  101  7:55  Roach x12  
  115  8:14  Zerg Missile Weapons Level 2  
  115  8:16  Drone  
  115  8:17  Drone x10  
  126  8:27  Spire  
  126  8:29  Infestation Pit  
  126  8:33  Extractor  
  126  8:34  Extractor  
  122  8:43  Zergling x16  
  122  8:45  Centrifical Hooks  
  104  9:23  Zergling x2  
  103  9:24  Zergling x34  
  103  9:29  Metabolic Boost  
  118  9:32  Hive  
  106  10:01  Zerg Ground Armor Level 2  
  106  10:09  Muscular Augments  
  106  10:13  Lurker Den  
  106  10:14  Neural Parasite  
  97  10:36  Zergling x20  
  97  10:37  Zergling x4  
  103  10:44  Hydralisk x2  
  103  10:45  Hydralisk  
  109  10:50  Spore Crawler x2  
  109  10:51  Spore Crawler  
  109  10:53  Spore Crawler x2  
  109  10:56  Spore Crawler  
  103  10:57  Spore Crawler, Hydralisk  
  103  10:58  Hydralisk x3  
  104  11:20  Hydralisk  
  104  11:21  Hydralisk  
  104  11:22  Hydralisk x6  
  116  11:33  Hydralisk  
  116  11:34  Hydralisk x4  
  116  11:39  Zergling x2  
  113  11:40  Zergling x4  
  111  11:53  Adaptive Talons  
  111  11:55  Hatchery  
  111  11:58  Zergling x2, Hydralisk  
  111  11:59  Hydralisk x3  
  119  12:04  Zergling x8  
  123  12:16  Hatchery  
  111  12:42  Infestor x2  
  111  12:43  Infestor  
  117  12:50  Drone x3  
  121  12:51  Drone x3  
  123  13:00  Drone x5  
  123  13:01  Drone x7  
  123  13:02  Drone  
  136  13:18  Nydus Network  
  135  13:21  Zergling x2  
  135  13:22  Zergling x14, Nydus Network  
  135  13:24  Overlord x4  
  135  13:25  Overlord x3  
  142  13:29  Burrow  
  142  13:43  Baneling  
  142  13:44  Baneling x17  
  142  13:46  Baneling  
  142  13:48  Baneling  
  142  13:59  Extractor  
  142  14:00  Extractor  
  124  14:32  Hydralisk  
  124  14:33  Hydralisk x13  
  124  14:37  Baneling x2  
  124  14:38  Baneling  
  152  14:52  Corruptor x2  
  156  15:02  Drone x3  
  156  15:03  Drone x5  
  161  15:19  Infestor x3  
Show
View Real Time Build Order
Export as new Build Order

XxDepravity Zerg 

Build Orders: Hatch First 

Get SALT Encoding   

  12  0:19  Drone  
  12  0:21  Drone, Overlord  
  14  0:39  Drone  
  14  0:42  Drone  
  16  0:52  Drone  
  17  1:02  Hatchery  
  16  1:05  Drone  
  17  1:14  Drone  
  18  1:20  Spawning Pool  
  18  1:23  Extractor  
  16  1:27  Drone  
  17  1:35  Drone  
  18  1:46  Drone  
  19  2:01  Overlord  
  19  2:10  Queen  
  19  2:11  Zergling x2  
  19  2:14  Queen  
  19  2:15  Zergling x2  
  25  2:18  Drone  
  26  2:34  Hatchery  
  25  2:40  Drone x3  
  28  3:14  Drone x4  
  28  3:15  Drone x2  
  28  3:17  Metabolic Boost  
  28  3:19  Lair  
  34  3:24  Roach Warren  
  34  3:26  Extractor, Drone x2  
  34  3:36  Queen  
  34  3:40  Overlord  
  36  3:47  Zergling x6  
  39  3:50  Drone  
  40  3:56  Drone x2  
  42  4:11  Drone x2  
  42  4:12  Hatchery  
  43  4:23  Roach x3  
  49  4:25  Overlord  
  49  4:40  Zergling x2, Overlord  
  49  4:42  Overlord  
  50  4:49  Drone x3  
  50  4:50  Drone x2  
  55  4:54  Spore Crawler, Extractor  
  55  4:56  Spine Crawler  
  52  5:00  Spore Crawler  
  52  5:03  Spine Crawler  
  52  5:04  Roach  
  52  5:15  Drone x3  
  52  5:16  Drone  
  52  5:18  Drone x3  
  59  5:26  Roach x3  
  65  5:37  Overlord x2  
  65  5:54  Drone  
  66  5:57  Roach x2  
  66  5:58  Zergling x2, Roach x4  
  66  5:59  Zergling x4, Roach  
  82  6:08  Roach  
  82  6:09  Roach x3  
  89  6:14  Zergling x6  
  88  6:19  Zergling x4  
  88  6:20  Zergling x2  
  91  6:36  Spire, Drone x2  
  91  6:37  Drone  
  93  6:43  Hydralisk Den  
  92  6:47  Nydus Network  
  92  6:48  Drone  
  92  6:49  Drone x3  
  92  6:52  Extractor, Drone  
  95  6:57  Overlord  
  95  7:15  Drone  
  96  7:16  Drone x5  
  96  7:22  Hatchery  
  100  7:32  Hydralisk  
  100  7:33  Roach  
  99  7:49  Hydralisk  
  99  7:50  Hydralisk x3, Roach x3  
  99  7:51  Roach  
  103  7:58  Nydus Canal  
  93  7:59  Hydralisk  
  93  8:00  Hydralisk x2, Roach x2  
  93  8:01  Roach  
  101  8:08  Hydralisk, Roach  
  93  8:29  Glial Reconstitution  
  93  8:31  Zergling x18  
  93  8:32  Zergling x2  
  103  8:41  Queen  
  100  8:57  Hydralisk x4  
  100  8:58  Roach x4  
  100  8:59  Roach  
  101  9:08  Zergling x6  
  88  9:15  Hydralisk x2  
  88  9:16  Hydralisk, Roach x4  
  80  9:29  Hydralisk x2  
  80  9:30  Roach x2  
  80  9:39  Drone  
  80  9:40  Drone x3  
  85  9:45  Drone  
  85  9:46  Drone x5  
  85  9:48  Drone x2  
  89  9:52  Mutalisk  
  89  9:53  Mutalisk  
  91  10:00  Drone x2  
  91  10:01  Drone  
  94  10:10  Zergling x2  
  95  10:18  Mutalisk x3  
  101  10:24  Nydus Canal  
  101  10:35  Hydralisk x2, Roach  
  93  10:36  Zergling x6, Roach x2  
  93  10:41  Zergling x2  
  93  10:42  Zergling x2  
  85  10:51  Hatchery  
  85  10:53  Mutalisk  
  86  10:58  Mutalisk  
  88  11:09  Roach  
  88  11:10  Roach x5  
  95  11:39  Hydralisk  
  91  11:40  Hydralisk x2, Roach x2  
  91  11:41  Roach  
  91  11:42  Zergling x2  
  104  11:49  Overlord  
  104  11:50  Overlord x5  
  104  11:52  Nydus Canal  
  104  12:00  Extractor  
  103  12:02  Spore Crawler, Extractor, Drone  
  103  12:03  Drone x7  
  103  12:04  Spine Crawler  
  108  12:15  Nydus Canal  
  104  12:23  Zergling x2  
  104  12:24  Zergling x10  
  78  12:41  Zergling x16  
  86  12:45  Baneling Nest  
  85  13:01  Hydralisk  
  85  13:02  Mutalisk, Hydralisk, Roach x2  
  95  13:34  Hydralisk  
  95  13:35  Hydralisk x5, Roach x3  
  95  13:36  Zergling x4, Roach x3  
  95  13:37  Zergling x4  
  123  13:41  Baneling x3  
  123  13:42  Baneling  
  123  13:47  Nydus Canal  
  123  14:06  Nydus Canal  
  113  14:20  Hydralisk x4  
  113  14:21  Hydralisk x2, Roach x5  
  113  14:22  Roach  
  96  14:38  Lurker Den  
  95  14:47  Drone x2  
  95  14:48  Drone x5  
  102  14:57  Roach x8  
  118  15:02  Queen  
  120  15:11  Hydralisk x2  
  120  15:12  Roach x2  
  128  15:17  Roach x2  
  94  15:22  Hydralisk  
  94  15:23  Roach  
  94  15:26  Zergling x8  
  76  15:41  Hydralisk x3  
  76  15:42  Roach x2  
Tags
 
Add a new tag
Caveats
  • Supply blocks, unpowered buildings, or Contaminate may cause inaccurate times.
  • Supply counts are checked every 10 seconds.